Map: Eternal Empire LE

Players

LiquidTLO (TLO)

  • Race: Zerg Zerg
  • League: Master
  • Spawn Location: 1:00

Silky - Winner!

  • Race: Zerg Zerg
  • Spawn Location: 7:00

Event: DreamHack SC2 Masters 2020 Summer North America

VOD

Have the link to the VOD?

Description

Time

  • Played on: July 4, 2020, 4 p.m.
  • Length: 15:38

All games in this series

Show
View Real Time Build Order
Export as new Build Order

LiquidTLO Zerg 

Build Orders: Hatch First, Lurkers, Muta Ling Bane 

Get SALT Encoding   

  12  0:00  Drone  
  13  0:12  Overlord  
  13  0:16  Drone  
  14  0:31  Drone x2  
  16  0:48  Hatchery  
  15  0:52  Drone  
  15  0:55  Drone  
  17  0:59  Drone  
  18  1:12  Spawning Pool  
  18  1:15  Drone  
  18  1:18  Drone  
  19  1:28  Drone  
  20  1:32  Extractor  
  20  1:38  Drone  
  20  1:50  Drone  
  21  1:59  Queen x2  
  21  2:00  Drone  
  26  2:03  Overlord  
  26  2:10  Drone  
  26  2:11  Drone  
  28  2:21  Drone x2  
  30  2:32  Drone x2  
  30  2:36  Hatchery  
  31  2:39  Queen  
  33  2:44  Overlord  
  33  2:52  Baneling Nest, Zergling x2  
  33  2:55  Drone  
  33  2:58  Overlord  
  34  3:04  Drone  
  34  3:05  Zergling x2  
  36  3:08  Drone  
  36  3:09  Drone  
  36  3:10  Drone  
  36  3:12  Drone  
  40  3:13  Drone  
  40  3:15  Drone  
  40  3:19  Drone  
  43  3:20  Zergling x2  
  44  3:28  Overlord  
  44  3:31  Drone, Extractor  
  44  3:35  Evolution Chamber  
  44  3:39  Drone  
  44  3:42  Lair  
  44  3:45  Drone  
  44  3:46  Drone  
  44  3:47  Drone  
  48  3:48  Drone  
  48  3:49  Drone  
  48  3:51  Drone  
  48  3:54  Drone  
  51  3:56  Roach Warren  
  51  3:57  Drone  
  51  3:58  Drone  
  51  4:02  Extractor  
  51  4:03  Drone, Extractor  
  51  4:06  Zerg Missile Weapons Level 1  
  51  4:07  Drone  
  52  4:12  Overlord  
  52  4:13  Drone  
  52  4:16  Drone x2  
  55  4:20  Drone, Overlord  
  55  4:23  Drone  
  57  4:26  Drone x2  
  57  4:28  Drone  
  57  4:30  Drone  
  61  4:32  Pneumatized Carapace  
  61  4:36  Drone  
  62  4:39  Glial Reconstitution  
  62  4:40  Drone  
  62  4:41  Drone  
  62  4:42  Drone  
  62  4:45  Drone  
  66  4:46  Drone  
  66  4:48  Drone  
  66  4:50  Extractor  
  66  4:51  Drone x2  
  69  4:52  Overseer  
  69  4:54  Roach  
  69  4:57  Overlord  
  71  5:00  Overlord  
  71  5:01  Drone  
  71  5:03  Overlord  
  71  5:06  Roach  
  74  5:07  Roach  
  76  5:19  Roach  
  76  5:20  Roach  
  76  5:21  Roach x4, Overlord  
  88  5:22  Roach  
  88  5:25  Roach  
  91  5:28  Overlord  
  91  5:33  Extractor  
  90  5:35  Spire  
  90  5:36  Roach x2  
  90  5:38  Drone  
  90  5:42  Drone, Roach  
  97  5:43  Drone x2  
  97  5:44  Drone  
  97  5:46  Drone  
  101  5:53  Hatchery  
  101  5:55  Roach  
  102  6:01  Roach  
  104  6:04  Roach  
  104  6:06  Roach x2  
  104  6:08  Roach  
  104  6:10  Drone  
  112  6:13  Roach  
  112  6:14  Roach x2  
  112  6:17  Roach  
  119  6:19  Roach  
  119  6:21  Zerg Missile Weapons Level 2, Roach  
  119  6:23  Roach  
  119  6:25  Roach x2  
  121  6:30  Overlord  
  121  6:31  Drone x2  
  109  6:33  Drone  
  109  6:35  Drone x3  
  109  6:36  Drone  
  114  6:41  Overlord  
  114  6:44  Overlord  
  114  6:45  Overlord  
  114  6:49  Mutalisk x2  
  118  6:55  Mutalisk  
  118  6:56  Mutalisk  
  118  6:58  Mutalisk  
  124  7:02  Drone  
  124  7:03  Mutalisk x2  
  124  7:07  Drone x2  
  124  7:08  Drone  
  132  7:11  Drone  
  132  7:12  Drone x2  
  132  7:15  Centrifical Hooks  
  135  7:23  Roach, Drone x2  
  135  7:24  Roach  
  135  7:25  Roach  
  135  7:26  Unknown, Roach  
  135  7:29  Roach x2  
  148  7:33  Roach  
  148  7:34  Roach  
  148  7:35  Ravager  
  148  7:36  Ravager x3  
  156  7:38  Roach  
  156  7:40  Overlord  
  156  7:42  Roach  
  156  7:44  Overlord  
  160  7:45  Overseer  
  160  7:49  Overlord  
  160  7:54  Overlord x2  
  160  7:56  Overlord  
  160  8:04  Roach  
  160  8:05  Roach x5  
  172  8:07  Roach x2  
  172  8:11  Roach  
  178  8:15  Roach x3  
  178  8:16  Roach  
  184  8:20  Roach  
  184  8:22  Roach x2  
  184  8:23  Roach x2  
  184  8:26  Zergling x2  
  184  8:27  Zergling x6  
  191  8:32  Zergling x2  
  191  8:33  Zergling x6  
  196  8:35  Zergling x6  
  196  8:39  Ravager, Zerg Ground Armor Level 1  
  196  8:40  Overseer  
  200  8:47  Baneling x4  
  199  8:56  Ravager x2  
  199  8:59  Baneling x2  
  199  9:01  Baneling x6  
  198  9:07  Roach  
  198  9:09  Baneling x4  
  200  9:15  Infestation Pit  
  197  9:24  Baneling  
  197  9:25  Baneling  
  197  9:26  Baneling x4  
  197  9:27  Roach  
  199  9:37  Roach  
  190  9:39  Roach x3  
  190  9:40  Roach  
  190  9:41  Roach  
  190  9:42  Roach  
  190  9:43  Roach x2  
  165  9:45  Roach  
  165  9:48  Roach x13  
  165  9:49  Roach  
  165  9:50  Roach  
  165  9:52  Roach x3  
  158  9:58  Roach x4  
  158  9:59  Hive  
  150  10:01  Roach  
  150  10:02  Roach  
  150  10:04  Roach  
  150  10:05  Ravager x3  
  150  10:06  Ravager  
  157  10:08  Ravager x4  
  157  10:10  Roach  
  157  10:11  Roach  
  165  10:14  Roach  
  165  10:15  Roach  
  165  10:18  Roach  
  165  10:21  Roach x2  
  151  10:23  Roach  
  151  10:27  Roach x3  
  151  10:28  Roach  
  146  10:29  Roach  
  146  10:31  Roach  
  146  10:32  Roach  
  146  10:34  Roach  
  135  10:36  Roach  
  135  10:37  Overseer  
  135  10:38  Roach  
  135  10:40  Drone  
  135  10:42  Roach  
  142  10:45  Roach  
  142  10:46  Roach  
  142  10:47  Roach  
  142  10:48  Roach  
  142  10:49  Overseer  
  148  10:50  Roach  
  148  10:52  Roach  
  154  10:57  Roach  
  154  10:58  Roach  
  154  11:00  Roach  
  154  11:01  Ravager x4  
  154  11:02  Roach  
  164  11:07  Roach  
  164  11:08  Roach  
  164  11:09  Roach  
  164  11:10  Roach  
  172  11:15  Viper  
  172  11:16  Roach  
  177  11:25  Roach  
  179  11:27  Viper, Roach  
  179  11:28  Overlord x3  
  184  11:36  Roach  
  184  11:38  Roach  
  173  11:40  Roach  
  173  11:42  Overlord  
  173  11:43  Roach x2  
  173  11:44  Roach x2  
  169  11:47  Roach  
  169  11:49  Roach  
  169  11:50  Roach  
  169  11:52  Roach  
  169  11:54  Roach x2  
  166  12:00  Roach x6  
  177  12:03  Roach x2  
  177  12:04  Roach  
  177  12:05  Ravager x2  
  185  12:09  Overseer x2  
  185  12:11  Ravager x2  
  187  12:16  Roach x2  
  187  12:18  Roach  
  187  12:21  Overlord  
  193  12:24  Roach  
  193  12:25  Overlord  
  193  12:26  Roach  
  193  12:29  Zerg Missile Weapons Level 3  
  197  12:31  Roach  
  199  12:42  Overseer x3, Hydralisk Den  
  198  12:47  Roach  
  195  13:13  Roach  
  193  13:25  Roach  
  193  13:26  Roach x3  
  166  13:28  Roach x2  
  166  13:29  Roach x8  
  168  13:35  Roach x3  
  168  13:36  Roach  
  168  13:39  Roach  
  168  13:40  Muscular Augments  
  169  13:42  Roach, Lurker Den  
  169  13:45  Roach  
  169  13:48  Roach  
  174  13:50  Overseer  
  174  13:51  Roach  
  174  13:55  Roach  
  175  13:56  Roach  
  175  13:58  Roach  
  175  14:01  Roach x2  
  176  14:04  Roach  
  176  14:08  Roach  
  167  14:15  Hydralisk x3  
  159  14:21  Hydralisk x2  
  159  14:22  Hydralisk  
  155  14:24  Lair  
  155  14:29  Hatchery  
  144  14:37  Roach x4  
  144  14:38  Roach  
  154  14:40  Lurker  
  154  14:45  Hydralisk  
  157  14:48  Lurker x2  
  159  14:55  Lurker  
  159  14:57  Overlord x2  
  160  15:06  Overlord  
  154  15:09  Overlord  
  154  15:10  Overlord  
  154  15:11  Overlord  
  152  15:14  Overlord  
  152  15:16  Roach  
  152  15:18  Overlord  
Show
View Real Time Build Order
Export as new Build Order

Silky Zerg - Winner!

Build Orders: Hatch First, Lurkers 

Get SALT Encoding   

  12  0:00  Drone  
  13  0:12  Overlord  
  13  0:17  Drone  
  14  0:30  Drone x2  
  16  0:48  Hatchery  
  15  0:51  Drone  
  15  0:55  Drone  
  17  0:58  Drone  
  18  1:08  Extractor  
  17  1:13  Spawning Pool  
  17  1:16  Drone  
  17  1:20  Drone  
  18  1:27  Drone  
  19  1:38  Drone  
  20  1:49  Drone  
  21  2:00  Drone, Overlord, Queen x2  
  26  2:08  Metabolic Boost  
  26  2:10  Drone  
  26  2:12  Drone  
  28  2:22  Drone x2  
  30  2:33  Hatchery  
  30  2:36  Drone  
  30  2:38  Drone  
  31  2:45  Baneling Nest  
  31  2:47  Overlord  
  30  2:51  Drone  
  30  2:55  Drone x2  
  33  3:04  Drone  
  34  3:08  Queen  
  34  3:10  Zergling x6  
  39  3:13  Drone  
  39  3:14  Drone  
  39  3:17  Overlord  
  41  3:20  Drone  
  41  3:24  Drone  
  41  3:25  Drone  
  44  3:28  Baneling  
  44  3:37  Drone x2  
  47  3:41  Drone  
  47  3:42  Evolution Chamber, Drone  
  47  3:43  Drone  
  47  3:47  Drone x3  
  51  3:53  Overlord  
  51  3:58  Zergling x4  
  51  4:02  Roach Warren  
  51  4:04  Drone  
  51  4:05  Drone  
  51  4:08  Zerg Missile Weapons Level 1  
  51  4:09  Drone  
  54  4:14  Lair  
  54  4:17  Drone x4  
  54  4:18  Drone x2  
  54  4:20  Overlord  
  54  4:23  Zergling x4  
  62  4:27  Drone x2  
  62  4:28  Drone  
  65  4:31  Extractor  
  65  4:32  Overlord, Extractor  
  65  4:33  Drone  
  64  4:40  Drone x2  
  64  4:43  Drone  
  64  4:44  Drone  
  68  4:46  Pneumatized Carapace  
  68  4:47  Drone, Extractor  
  68  4:48  Drone, Extractor  
  68  4:50  Drone, Extractor  
  68  4:52  Overlord  
  68  4:53  Drone x4  
  68  4:54  Drone  
  68  4:57  Drone x2  
  75  5:03  Drone x2  
  75  5:05  Drone  
  78  5:16  Overseer  
  78  5:18  Glial Reconstitution  
  78  5:19  Hatchery  
  78  5:20  Drone  
  77  5:23  Drone, Spore Crawler  
  77  5:24  Roach x3  
  77  5:25  Roach, Spore Crawler  
  77  5:26  Baneling  
  83  5:30  Baneling  
  83  5:31  Baneling  
  83  5:32  Roach  
  85  5:36  Overlord  
  85  5:38  Roach x2  
  85  5:41  Overlord  
  89  5:43  Overlord  
  89  5:47  Overlord  
  89  5:51  Overlord  
  89  5:56  Roach  
  89  5:57  Roach x3  
  97  5:59  Overlord  
  97  6:01  Roach x2  
  97  6:02  Evolution Chamber  
  100  6:04  Zerg Missile Weapons Level 2  
  100  6:07  Roach x3  
  100  6:10  Roach x2  
  111  6:12  Drone x2  
  111  6:15  Roach x2  
  114  6:21  Roach x3  
  114  6:22  Roach x2  
  114  6:24  Roach  
  114  6:37  Roach x2, Zerg Ground Armor Level 1  
  114  6:38  Roach  
  120  6:40  Overlord  
  120  6:43  Hatchery, Roach  
  120  6:44  Roach  
  123  6:50  Roach x2  
  123  6:51  Roach  
  129  6:54  Overlord x2  
  129  7:03  Roach  
  129  7:04  Roach x4  
  129  7:05  Overlord  
  137  7:11  Overlord  
  135  7:16  Hydralisk Den  
  135  7:18  Drone  
  135  7:19  Drone x4  
  139  7:24  Ravager x2  
  139  7:25  Overlord  
  139  7:28  Drone  
  142  7:35  Overlord  
  142  7:39  Queen  
  145  7:44  Ravager x2  
  145  7:45  Hydralisk x6  
  145  7:47  Grooved Spines  
  145  7:48  Hydralisk x2  
  162  7:52  Lurker Den  
  162  7:57  Overlord  
  161  7:59  Hydralisk x2  
  161  8:01  Spore Crawler  
  164  8:05  Hydralisk x2  
  166  8:12  Roach  
  166  8:13  Roach x2  
  166  8:15  Overlord  
  166  8:16  Overlord  
  166  8:19  Roach x3  
  168  8:23  Roach x2  
  163  8:27  Queen  
  163  8:29  Drone x2  
  163  8:31  Roach  
  170  8:34  Ravager  
  170  8:37  Roach  
  170  8:38  Roach x2  
  176  8:44  Roach x4  
  176  8:45  Roach  
  186  8:50  Roach x3  
  192  8:58  Overlord, Infestation Pit  
  192  9:00  Lurker x2  
  192  9:01  Roach, Lurker  
  190  9:10  Drone x2  
  190  9:11  Overlord x2  
  190  9:12  Unknown  
  191  9:28  Overlord  
  191  9:30  Roach x4  
  195  9:41  Roach x10  
  185  9:46  Roach x9  
  182  9:57  Hydralisk  
  182  9:58  Hydralisk x5  
  190  10:00  Roach  
  190  10:06  Hive  
  190  10:07  Roach  
  190  10:08  Roach  
  190  10:09  Roach  
  194  10:19  Roach x5  
  194  10:21  Roach  
  194  10:26  Roach x2  
  175  10:30  Roach x2  
  155  10:36  Roach x2  
  155  10:40  Roach  
  155  10:41  Lurker  
  155  10:42  Lurker x2  
  160  10:48  Hydralisk x4  
  160  10:49  Roach  
  168  10:54  Roach x2  
  170  10:58  Hydralisk x3  
  170  10:59  Hydralisk  
  170  11:03  Ravager  
  179  11:09  Hydralisk x2  
  181  11:12  Overseer  
  181  11:15  Roach x3  
  181  11:16  Hatchery  
  184  11:27  Adaptive Talons  
  184  11:29  Roach x2  
  182  11:32  Overlord  
  161  11:42  Roach x9  
  161  11:46  Roach x2  
  173  11:50  Muscular Augments  
  173  11:53  Roach  
  173  11:54  Roach x3  
  171  11:59  Hydralisk x2  
  171  12:05  Zerg Missile Weapons Level 3  
  171  12:07  Roach x2  
  173  12:10  Roach x2  
  175  12:16  Overlord  
  175  12:17  Drone x4  
  175  12:19  Hydralisk  
  175  12:22  Hydralisk  
  179  12:24  Overseer, Seismic Spines  
  179  12:27  Hydralisk x2  
  181  12:32  Zerg Ground Armor Level 2  
  181  12:35  Ravager  
  182  12:40  Drone  
  183  12:44  Hydralisk x4  
  183  12:48  Extractor  
  190  12:53  Extractor  
  189  12:59  Ravager  
  189  13:00  Ravager x3  
  189  13:10  Roach x7  
  200  13:15  Roach Warren  
  197  13:26  Hydralisk x3  
  197  13:27  Hydralisk x6  
  170  13:34  Hydralisk x3  
  176  13:46  Overlord  
  172  13:57  Roach x15  
  190  14:05  Roach x2  
  192  14:10  Viper  
  192  14:15  Roach x3  
  199  14:22  Hydralisk  
  197  14:32  Spine Crawler  
  197  14:34  Spine Crawler  
  193  14:39  Overseer x2  
  193  14:44  Lurker x6  
  193  14:45  Lurker  
  200  14:53  Overseer  
  200  15:00  Nydus Network  
Tags
 
Add a new tag
Caveats
  • Supply blocks, unpowered buildings, or Contaminate may cause inaccurate times.
  • Supply counts are checked every 10 seconds.